 Dungeon Crawl Stone Soup version 0.24-a0-373-g39439d866b (webtiles) character file.

Game seed: 5927222550961223094

43 Azzok the Sneak (level 3, -2/21 HPs)
             Began as a Gargoyle Assassin on May 30, 2019.
             Slain by a gnoll
             ... wielding a +0 halberd
              (7 damage)
             ... on level 1 of the Dungeon.
             The game lasted 00:01:32 (1042 turns).

Azzok the Sneak (Gargoyle Assassin)                 Turns: 1042, Time: 00:01:32

Health: -2/21      AC: 14    Str: 15    XL:     3   Next: 58%
Magic:  3/3        EV:  4    Int: 11    God:
Gold:   81         SH:  0    Dex: 11    Spells: 2/2 levels left

rFire    . . .     SeeInvis .   a - +2 dagger
rCold    . . .     Gourm    .   (no shield)
rNeg     + . .     Faith    .   g - +0 plate armour
rPois    ∞         Spirit   .   (no helmet)
rElec    +         Reflect  .   j - +0 cloak
rCorr    .         Harm     .   (no gloves)
MR       .....                  (no boots)
Stlth    ..........             (no amulet)
HPRegen  0.07/turn              (no ring)
MPRegen  0.08/turn              (no ring)

@: no status effects
A: negative energy resistance 1, electricity resistance, unbreathing,
petrification resistance, rot immunity, AC +3
a: no special abilities


You were on level 1 of the Dungeon.
You were not hungry.

You visited 1 branch of the dungeon, and saw 2 of its levels.

You collected 81 gold pieces.

Inventory:

Hand Weapons
 a - a +2 dagger (weapon)
Missiles
 d - 8 poisoned darts (quivered)
 e - 2 curare-tipped darts
 h - 4 atropa-tipped darts
Armour
 b - a +0 robe
 g - a +0 plate armour (worn)
 j - a +0 cloak (worn)
Scrolls
 k - a scroll of amnesia {unknown}
 l - a scroll of remove curse {unknown}
Potions
 i - 2 potions of heal wounds {unknown}
Comestibles
 c - a chunk of flesh
 f - 3 rations


   Skills:
 - Level 2.1 Fighting
 + Level 3.5 Short Blades
 - Level 1.7 Throwing
 - Level 0.7 Dodging
 - Level 4.3 Stealth


You had 2 spell levels left.
You didn't know any spells.
Your spell library was empty.

Dungeon Overview and Level Annotations

Branches:
Dungeon (2/15)

Altars:

Annotations:
D:2 Sigmund


Innate Abilities, Weirdness & Mutations

You are resistant to torment.
Your stone body is resilient. (AC +3)
You are immune to poison.
You resist negative energy. (rN+)
You are resistant to electric shocks. (rElec)
You can survive without breathing.
You are immune to petrification.
You are immune to rotting.


Message History

There is a stone staircase leading up, spattered with blood here.
The gnoll hits you from afar with a +0 spear.
You climb upwards.
There is a stone staircase leading down here.
You hit the gnoll.
The gnoll is lightly wounded.
The gnoll hits you with a +0 halberd!
* * * LOW HITPOINT WARNING * * *
You closely miss the gnoll.
The gnoll is lightly wounded.
The gnoll hits you but does no damage.
Your plate armour prevents you from hitting the gnoll.
The gnoll is lightly wounded.
The gnoll hits you but does no damage.
You hit the gnoll.
The gnoll is moderately wounded.
Your plate armour prevents you from hitting the gnoll.
The gnoll is moderately wounded.
The gnoll hits you with a +0 halberd!
You die...

▒▒▒▒▒▒▒▒
▒▒▒▒······▒▒▒▒▒▒▒▒
···'······'·····@▒
▒▒▒▒······▒▒▒▒▒▒g▒
▒▒▒▒▒▒▒▒ ▒·▒ ▒·▒
▒·▒ ▒·▒ ▒·▒ ▒▒▒·▒
▒···▒


You could see a gnoll.

Vanquished Creatures
  An ooze (D:1)
  2 dart slugs
  3 leopard geckos (D:1)
  4 goblins (D:1)
  2 hobgoblins
  3 jackals (D:2)
  A quokka (D:2)
  5 bats
  4 kobolds
  7 rats (D:1)
32 creatures vanquished.

Notes
Turn   | Place    | Note
-------+----------+-------------------------------------------
     0 | D:1      | Azzok the Gargoyle Assassin began the quest for the Orb.
     0 | D:1      | Reached XP level 1. HP: 12/12 MP: 1/1
    63 | D:1      | Reached XP level 2. HP: 17/17 MP: 2/2
   505 | D:1      | Reached XP level 3. HP: 21/21 MP: 3/3
   865 | D:2      | Noticed Sigmund
  1042 | D:1      | Slain by a gnoll

Levels and vault maps discovered:
D:1:      co_arrival_random_square_maze, layout_basic, minmay_close_crescents
D:2:      layout_loops_cross, xom_butterflies, fedhas_altar_fruit_tree,
          uniq_sigmund, uniq_robin

Skill      XL: |  1  2 |
---------------+-------+-----
Short Blades   | 2 3 |  3.5
Fighting       | |  2.1
Throwing       | |  1.7
Dodging        | |  0.7
Stealth        | |  4.3

Action                   || total
-------------------------++-------
Melee: Dagger            ||    82
 Stab: Sleeping          ||    15
Armor: Robe              ||    15
       Plate armour      ||    27
Dodge: Dodged            ||    31

Table legend:
 A = Non-vault XP
 B = Vault XP
 C = Vault XP percentage of total XP
 D = Non-vault monster count
 E = Vault monster count
 F = Vault count percentage of total count
                 A         B        C        D         E       F
            +---------+---------+-------+---------+---------+-------
      Total |      49 |      13 |  21.0 |      28 |       4 |  12.5
            +---------+---------+-------+---------+---------+-------
        D:1 |      34 |       9 |  20.9 |      20 |       3 |  13.0
        D:2 |      15 |       4 |  21.1 |       8 |       1 |  11.1
            +---------+---------+-------+---------+---------+-------
